Map: Rifts to Korhal

Players

Sebis

  • Race: Protoss Protoss
  • Spawn Location: 7:00

NamroodTuo

  • Race: Terran Terran

VOD

Have the link to the VOD?

Description

Time

  • Played on: June 7, 2023, 4:41 p.m.
  • Length: 17:24
Show
View Real Time Build Order
Export as new Build Order

Sebis Protoss 

Build Orders:  

Get SALT Encoding   

  12  0:02  Probe (Chrono Boost)  
  13  0:16  Probe (Chrono Boost)  
  14  0:30  Probe (Chrono Boost)  
  15  0:44  Probe (Chrono Boost)  
  15  0:45  Xel'Naga Passageway  
  16  0:58  Probe (Chrono Boost)  
  17  1:12  Probe (Chrono Boost)  
  18  1:25  Probe (Chrono Boost)  
  19  1:39  Probe (Chrono Boost)  
  20  1:51  Xel'Naga Ambusher  
  22  2:01  Probe (Chrono Boost)  
  23  2:12  Xel'Naga Ambusher  
  25  2:25  Probe (Chrono Boost)  
  26  3:06  Probe (Chrono Boost)  
  27  3:23  Core Forge, Probe (Chrono Boost)  
  30  3:39  Probe (Chrono Boost)  
  29  3:40  Ancient Nexus  
  29  3:52  Probe (Chrono Boost)  
  30  4:06  Probe (Chrono Boost)  
  31  4:30  Probe (Chrono Boost)  
  31  4:37  Xel'Naga Shieldguard  
  33  4:44  Probe (Chrono Boost), Constructs Facility  
  34  4:58  Probe (Chrono Boost)  
  35  5:25  Xel'Naga Shieldguard  
  35  5:29  Probe (Chrono Boost)  
  36  5:30  Probe (Chrono Boost)  
  38  5:43  Probe x2 (Chrono Boost), Xel'Naga Shieldguard  
  41  5:57  Probe x2 (Chrono Boost)  
  43  6:07  Xel'Naga Ambusher  
  45  6:11  Probe x2 (Chrono Boost)  
  45  6:12  Xel'Naga Enforcer  
  51  6:27  Probe (Chrono Boost)  
  52  6:31  Xel'Naga Ambusher  
  54  7:38  Xel'Naga Ambusher, Xel'Naga Enforcer  
  60  7:53  Constructs Bay  
  60  8:15  Xel'Naga Ambusher  
  60  8:19  Xel'Naga Watcher  
  62  8:37  Xel'Naga Void Array x2  
  62  8:39  Xel'Naga Ambusher  
  65  9:10  Xel'Naga Abrogator  
  65  9:16  Xel'Naga Ambusher  
  70  10:19  Xel'Naga Void Array  
  70  10:35  Unknown x3  
  70  10:41  Unknown x3  
  70  10:46  Unknown x3  
  70  10:48  Xel'Naga Ambusher  
  70  10:49  Xel'Naga Abrogator  
  70  10:51  Unknown x3  
  70  10:57  Unknown x3  
  75  11:02  Unknown x3  
  75  11:06  Xel'Naga Ambusher  
  75  11:07  Unknown x3  
  75  11:09  Xel'Naga Void Array  
  77  11:20  Xel'Naga Void Array  
  77  11:27  Unknown x3  
  75  11:33  Unknown x3, Xel'Naga Ambusher  
  75  11:34  Xel'Naga Enforcer  
  81  11:47  Unknown x3  
  81  12:12  Xel'Naga Enforcer  
  81  12:15  Unknown x3  
  81  12:16  Unknown x3, Xel'Naga Ambusher  
  85  12:28  Unknown x3  
  85  12:29  Unknown x3  
  87  12:35  Unknown x6  
  87  12:40  Unknown x6  
  87  12:46  Unknown x6  
  87  12:51  Unknown x6  
  87  12:57  Unknown  
  87  12:58  Unknown x6  
  87  13:00  Xel'Naga Void Array  
  87  13:03  Unknown x3, Xel'Naga Void Array  
  87  13:08  Unknown x3  
  87  13:14  Unknown x3  
  87  13:15  Unknown x4  
  87  13:19  Unknown x3  
  87  14:17  Unknown x3  
  87  14:23  Unknown x3, Xel'Naga Abrogator  
  87  14:24  Unknown x3  
  87  14:25  Xel'Naga Ambusher  
  92  14:41  Unknown x3  
  92  14:42  Unknown x3  
  92  14:46  Unknown x3  
  92  14:47  Unknown x3  
  92  14:49  Xel'Naga Void Array  
  92  14:54  Unknown x3  
  92  14:56  Unknown x3  
  92  14:59  Xel'Naga Watcher, Xel'Naga Ambusher  
  92  15:00  Unknown x3  
  92  15:02  Unknown x3  
  94  15:10  Unknown x3  
  94  15:11  Xel'Naga Watcher  
  94  15:15  Unknown x3  
  94  15:16  Xel'Naga Ambusher  
  94  15:17  Xel'Naga Void Array  
  94  15:21  Unknown  
  94  15:23  Xel'Naga Watcher  
  96  15:33  Xel'Naga Ambusher  
  96  15:35  Unknown x4  
  98  16:01  Unknown x3  
  98  16:02  Unknown x3  
  98  16:04  Unknown x3  
  98  16:09  Unknown x6  
  98  16:11  Unknown x3  
  98  16:16  Unknown x3  
  98  16:17  Unknown x6  
  98  16:28  Unknown x3  
  98  16:29  Unknown x6, Zoraya Legion  
  98  16:33  Unknown x3  
  98  16:34  Unknown x6  
  98  16:38  Xel'Naga Ambusher  
  98  16:40  Unknown x3  
  98  16:42  Unknown x3  
  98  16:43  Unknown x3  
  98  16:45  Unknown x3  
  98  16:48  Unknown x3  
  98  16:49  Unknown x3  
  100  16:54  Unknown x3  
  100  16:59  Unknown x3  
  100  17:05  Unknown x3  
  100  17:09  Unknown x6  
  100  17:10  Unknown x3  
  100  17:13  Unknown x3  
  100  17:15  Unknown x6  
Show
View Real Time Build Order
Export as new Build Order

NamroodTuo Terran 

Build Orders:  

Get SALT Encoding   

  12  0:03  SCV  
  13  0:20  SCV  
  13  0:29  Refinery  
  14  0:37  SCV  
  15  0:41  Refinery  
  15  0:54  SCV  
  16  1:11  SCV  
  17  1:27  Engineering Bay  
  17  1:28  SCV  
  18  1:32  Engineering Bay  
  18  1:45  SCV  
  19  2:02  SCV  
  19  2:06  Outlaw Weapons Level 1  
  20  3:01  Tychus  
  20  3:27  Gunslingers Hideout  
  20  3:44  Muscle Armory  
  20  3:48  Outlaw Life and Armor Level 1  
  20  3:59  SCV  
  21  4:06  ITC-E Triggers  
  21  4:18  SCV  
  22  4:27  James Sirius Sykes  
  32  5:00  SCV  
  33  5:17  SCV  
  34  5:34  SCV  
  34  5:36  Outlaw Weapons Level 2  
  35  6:31  SCV  
  35  6:37  Outlaw Life and Armor Level 2  
  36  6:48  SCV  
  37  7:05  SCV  
  38  7:23  Command Center  
  38  7:47  Medivac Platform  
  38  7:53  Fixers Safehouse  
  38  7:56  Endurance Supplements  
  38  8:42  Rob Cannonball Boswell  
  48  8:57  Flashforce GDM Visor  
  48  9:02  SCV  
  49  9:13  SCV  
  49  9:19  SCV  
  51  9:30  SCV  
  51  9:36  SCV  
  53  9:45  Medivac Platform  
  53  9:47  SCV  
  54  9:50  Outlaw Weapons Level 3  
  54  9:52  SCV  
  55  10:09  SCV  
  56  12:04  Miles Blaze Lewis  
  66  12:49  Outlaw Weapons Level 4  
  66  12:53  SCV  
  66  12:57  Refinery  
  67  13:04  Refinery  
  67  13:07  SCV  
  68  13:10  SCV  
  69  13:23  SCV  
  69  13:27  SCV  
  71  13:40  SCV  
  71  13:43  SCV  
  73  13:55  Kev Rattlesnake West  
  73  13:57  SCV  
  84  14:00  SCV  
  85  14:14  SCV  
  86  14:21  Big Red Button  
Tags
 
Commander
TychusZeratul
Matchup
Co-op
Replay Pack
Multiplayer
Add a new tag
Caveats
  • Supply blocks, unpowered buildings, or Contaminate may cause inaccurate times.
  • Supply counts are checked every 10 seconds.